Unix NetHack Version 5.0.0-0 post-release - last build May 10 2026 23:12:36 (d1fa5d53e341ca933230fdaa984d921c805b60aa,branch:main).

Game began 2026-05-15 08:14:28, ended 2026-05-15 08:20:38.

GdeVolpiano, neutral female human Tourist

                                     ----------- ---
                                     0..@Gf.<))....-
                                     --------..........|
                                             .......-- -
                                              .......|
                                              ......--
                                               ......
                                               .....-
                                                .----
                                                --

GdeVolpiano the Rambler     St:12 Dx:10 Co:15 In:13 Wi:9 Ch:16  Neutral
Dlvl:3  $:383 HP:0(25) Pw:5(5) AC:10 Xp:2 T:777 

Latest messages:
 Where do you want to travel to?
 (For instructions type a '?')
 You swap places with Heliodore.
 You stop.  Heliodore is in the way!
 You swap places with Heliodore.
 Where do you want to travel to?
 (For instructions type a '?')
 You find a hidden door.
 The door opens.
 You find a hidden passage.
 Heliodore drops a stone called flint.
 Heliodore picks up a stone called flint.
 Heliodore drops a stone called flint.
 You see here a stone called flint.
 You descend the stairs.
 You hear a C note squeak in the distance.
 The gnome throws a dagger!
 The dagger hits Heliodore.
 Heliodore picks up a dagger.
 The gnome throws a dagger!
 The dagger hits Heliodore.
 With great effort you move the boulder.
 Heliodore bites the gnome.
 The gnome wields 3 daggers!
 Heliodore bites the gnome.
 The gnome is killed!
 You miss the gnome lord.
 The gnome lord wields 5 daggers!
 You miss the gnome lord.
 Heliodore drops a dagger.
 The gnome lord thrusts one of his daggers.
 The gnome lord hits!
 You miss the gnome lord.
 Heliodore picks up a dagger.
 You miss the gnome lord.
 Heliodore drops a dagger.
 The gnome lord thrusts one of his daggers.
 The gnome lord hits!
 You miss the gnome lord.
 The gnome lord thrusts one of his daggers.
 The gnome lord hits!
 In what direction?
 The dart hits the gnome lord.
 Heliodore picks up a dagger.
 In what direction?
 The dart hits the gnome lord.
 The gnome lord thrusts one of his daggers.
 The gnome lord hits!
 You die...
 Do you want your possessions identified? [ynq] (y)

Inventory:
 Coins    ('$')
  $ - 383 gold pieces
 Weapons  (')')
  a - 34 +2 darts (at the ready)
  n - a +0 flail (weapon in right hand)
 Armor    ('[')
  i - an uncursed +0 Hawaiian shirt with a water nymph motif (being worn)
 Comestibles  ('%')
  d - 5 uncursed figs
  c - 6 uncursed food rations
  q - an uncursed tripe ration
  e - 3 uncursed eggs
  p - 2 uncursed lichen corpses
 Scrolls  ('?')
  o - an uncursed scroll of enchant armor
  g - a blessed scroll of magic mapping
  h - 3 uncursed scrolls of magic mapping
 Potions  ('!')
  m - an uncursed potion of blindness
  r - an uncursed potion of see invisible
 Rings    ('=')
  l - an uncursed ring of searching (on right hand)
 Tools    ('(')
  k - an uncursed credit card
  j - an expensive camera (0:50)

GdeVolpiano the Tourist's attributes:

Background:
 You were a Rambler, a level 2 female human Tourist.
 You were neutral, on a mission for The Lady
 who was opposed by Blind Io (lawful) and Offler (chaotic).
 You were right-handed.
 You were in the Gnomish Mines, on level 3.
 You entered the dungeon 777 turns ago.
 You had 39 experience points, 1 more was needed to attain level 3.

Basics:
 You had 0 out of 25 hit points.
 You had all 5 energy points (spell power).
 Your armor class was 10.
 Your wallet contained 383 zorkmids.
 Autopickup was on for '$?!/="+' plus thrown, with exceptions.

Final Characteristics:
 Your strength was 12 (limit:18/100).
 Your dexterity was 10 (limit:18).
 Your constitution was 15 (limit:18).
 Your intelligence was 13 (limit:18).
 Your wisdom was 9 (limit:18).
 Your charisma was 16 (limit:18).

Final Status:
 You weren't hungry.
 You were unencumbered.
 You were wielding a flail.
 You were unskilled in flail.

Final Attributes:
 You were fervently aligned.
 You had automatic searching.
 You are dead.

Miscellaneous:
 You didn't encounter any bones levels.
 Total elapsed playing time was 6 minutes and 8 seconds.

Major events:
 Turn
    1: GdeVolpiano the neutral female human Tourist entered the dungeon
  529: entered the Gnomish Mines
  777: killed by a gnome lord

You didn't know any spells.

Skills:
 Fighting Skills
   bare handed combat [Unskilled]
   two weapon combat  [Unskilled]
   riding             [Unskilled]
 Weapon Skills
   dagger             [Unskilled]
   knife              [Unskilled]
   axe                [Unskilled]
   pick-axe           [Unskilled]
   short sword        [Unskilled]
   broadsword         [Unskilled]
   long sword         [Unskilled]
   two-handed sword   [Unskilled]
   saber              [Unskilled]
   mace               [Unskilled]
   morning star       [Unskilled]
   flail              [Unskilled]
   hammer             [Unskilled]
   quarterstaff       [Unskilled]
   polearms           [Unskilled]
   spear              [Unskilled]
   trident            [Unskilled]
   lance              [Unskilled]
   bow                [Unskilled]
   sling              [Unskilled]
   crossbow           [Unskilled]
   dart               [Basic]
   shuriken           [Unskilled]
   boomerang          [Unskilled]
   whip               [Unskilled]
   unicorn horn       [Unskilled]
 Spellcasting Skills
   divination spells  [Unskilled]
   enchantment spells [Unskilled]
   escape spells      [Unskilled]

Voluntary challenges:
 Character rerolling was not enabled.
 You were an atheist.
 You were illiterate.
 You never genocided any monsters.
 You never polymorphed an object.
 You never changed form.
 You used no wishes.
Achievement:
 You entered the Gnomish Mines.

 The Dungeons of Doom: levels 1 to 3
    Level 1: "vault"
       A fountain.
    Level 2:
       Some fountains.
       Stairs down to The Gnomish Mines.
    Level 3:
 The Gnomish Mines:
    Level 3: <- You were here.
       Final resting place for
          you, killed by a gnome lord.


Vanquished creatures:
  a hobbit
  a giant rat
  a gnome
  a gecko
  5 jackals
  a fox
  a kobold
  2 sewer rats
  3 lichens
  3 newts
19 creatures vanquished.

No species were genocided or became extinct.

Game over:
                       ----------
                      /          \
                     /    REST    \
                    /      IN      \
                   /     PEACE      \
                  /                  \
                  |   GdeVolpiano    |
                  |      383 Au      |
                  |   killed by a    |
                  |    gnome lord    |
                  |                  |
                  |                  |
                  |       2026       |
                 *|     *  *  *      | *
        _________)/\\_//(\/(/\)/\//\/|_)_______

Aloha GdeVolpiano the Tourist...

You died in The Gnomish Mines on dungeon level 3 with 283 points,
and 383 pieces of gold, after 777 moves.
You were level 2 with a maximum of 25 hit points when you died.

